 Dungeon Crawl Stone Soup version 0.29-a0-1027-gcd8c55af63 (webtiles) character file.

Game seed: 10141535084533555687

55 wilfster70 the Vexing (level 3, 0/18 HPs)
             Began as a Spriggan Arcane Marksman on Aug 13, 2022.
             Slain by an adder (2 damage)
             ... on level 2 of the Dungeon.
             The game lasted 00:05:08 (1505 turns).

wilfster70 the Vexing (Spriggan Arcane Marksman)    Turns: 1505, Time: 00:05:08

Health: 0/18       AC:  2    Str:  6    XL:     3   Next: 67%
Magic:  6/6        EV: 17    Int: 16    God:
Gold:   70         SH:  0    Dex: 15    Spells: 4/5 levels left

rFire   . . .      SeeInvis +   a - +1 sling
rCold   + . .      Faith    .   (no shield)
rNeg    . . .      Spirit   .   c - +0 robe
rPois   .          Reflect  .   (helmet restricted)
rElec   .          Harm     .   (no cloak)
rCorr   .          Rampage  .   (gloves unavailable)
Will    .....                   (boots unavailable)
Stlth   +.........              (no amulet)
HPRegen 0.06/turn               e - ring of protection from cold
MPRegen 0.10/turn               (no ring)

@: very quick
A: very small, no large weapons, unfitting armour, see invisible, speed 3
a: no special abilities


You were on level 2 of the Dungeon.
You visited 1 branch of the dungeon, and saw 2 of its levels.

You collected 70 gold pieces.

Inventory:

Hand Weapons
 a - a +1 sling (weapon)
Armour
 c - a +0 robe (worn)
Jewellery
 e - a ring of protection from cold (left hand)
 f - a +4 ring of evasion
 g - a +6 ring of dexterity
Scrolls
 h - a scroll of amnesia {unknown}


   Skills:
 + Level 1.6 Fighting
 * Level 3.3 Ranged Weapons
 - Level 2.9 Dodging
 - Level 1.6 Spellcasting
 - Level 3.7 Hexes


You had 4 spell levels left.
You knew the following spells:

 Your Spells              Type           Power      Damage    Failure   Level
a - Slow                  Hex            52%        N/A       4%          1

Your spell library contained the following spells:

 Spells                   Type           Power      Damage    Failure   Level
 Inner Flame              Hex/Fire       7%         N/A       30%         3
 Portal Projectile        Hex/Tloc       14%        N/A       30%         3
 Cause Fear               Hex            6%         N/A       41%         4


Dungeon Overview and Level Annotations

Branches:
Dungeon (2/15)

Altars:


Innate Abilities, Weirdness & Mutations

You are very small and have problems with some larger weapons.
You are too small for most types of armour.
You have supernaturally acute eyesight. (SInv)
You cover ground extremely quickly. (Speed+++)


Message History

You shoot a sling bullet.
The sling bullet closely misses the adder.
The adder completely misses you. The kobold barely misses you.
The adder bites you.
You shoot a sling bullet.
The sling bullet barely misses the adder.
The kobold barely misses you. The adder misses you.
You shoot a sling bullet. The sling bullet hits the adder.
The adder is severely wounded.
The adder closely misses you. The kobold hits you with a +0 dagger.
The adder misses you. The kobold misses you.
You shoot a sling bullet. The sling bullet hits the adder.
The adder is almost dead.
The adder bites you. The kobold completely misses you.
You shoot a sling bullet.
The sling bullet closely misses the adder.
The adder closely misses you. The kobold hits you with a +0 dagger.
The adder bites you.
* * * LOW HITPOINT WARNING * * *
You are too injured to fight recklessly!
You are too injured to fight recklessly!
Fire: a) +1 sling
Press: ? - help, Q - select action, (/) - cycle Shift-Dir - straight line, f/p - adder
Aim: an adder (almost dead, 38% to hit)
You shoot a sling bullet.
The sling bullet barely misses the adder.
The adder bites you.
* * * LOW HITPOINT WARNING * * *
The kobold hits you with a +0 dagger.
* * * LOW HITPOINT WARNING * * *
Fire: a) +1 sling
Press: ? - help, Q - select action, (/) - cycle Shift-Dir - straight line, f/p - adder
Aim: an adder (almost dead, 38% to hit)
You shoot a sling bullet. The sling bullet misses the adder.
The sling bullet hits the kobold.
You kill the kobold!
You hear an angry hiss.
A ball python comes into view.
The adder bites you.
You die...

...#.w#.######. .#
.[.#....# #.. .#
ยง..#....# #.# .#
..##....###.# .## #
###.....#...# ..#.#
.......##.#.# .S.
..###..##.#.#####.#
###...##.<...).S..#
....###....<##.#@##
#..............#........
.)####.......###.#......
#.# #..(....# #.#.##.#.
#.# #.......# #.. . #
#.# #............ ..
#.################ ##
#........ #.####.##


You could see an adder and a ball python.

Vanquished Creatures
  An adder (D:2)
  2 dart slugs
  2 endoplasms (D:1)
  2 giant cockroaches
  4 goblins (D:1)
  2 hobgoblins (D:2)
  2 jackals (D:1)
  4 quokkas
  2 ball pythons (D:1)
  5 bats
  4 frilled lizards (D:1)
  6 kobolds
  5 rats
41 creatures vanquished.

Notes
Turn   | Place    | Note
-------+----------+-------------------------------------------
     0 | D:1      | wilfster70 the Spriggan Arcane Marksman began the quest for
                  | the Orb.
     0 | D:1      | Reached XP level 1. HP: 9/9 MP: 3/3
   229 | D:1      | Reached skill level 1 in Fighting
   235 | D:1      | Reached XP level 2. HP: 14/14 MP: 5/5
   599 | D:1      | Reached XP level 3. HP: 18/18 MP: 6/6
  1505 | D:2      | Slain by an adder

Illustrated notes

Levels and vault maps discovered:
D:1:      dpeg_arrival_lava_temple_mockup, layout_rooms
D:2:      minmay_door_path, layout_loops_ring, minmay_randomly_rotated_circles,
          uniq_robin

Skill      XL: |  1  2  3 |
---------------+----------+-----
Fighting       | 1 |  1.6
Ranged Weapons | 3 |  3.3
Dodging        | |  2.9
Spellcasting   | |  1.6
Hexes          | |  3.7

Action                   || total
-------------------------++-------
 Fire: Sling             ||   142
 Cast: Slow              ||     6
  Use: Scroll            ||     2
       Potion            ||     1
Armor: Robe              ||    11
Dodge: Dodged            ||   167

Table legend: (Time is in decaauts)
 A = Elapsed time spent in this place.
 B = Non-inter-level travel time spent in this place.
 C = Inter-level travel time spent in this place.
 D = Time resting spent in this place.
 E = Time spent auto-exploring this place.
 F = Levels seen in this place.
 G = Mean time per level.
                   A        B        C        D        E       F      G
               +--------+--------+--------+--------+--------+-----+--------+
         Total |   1296 |   1290 |      6 |    695 |    199 |   2 |  648.0 |
       Dungeon |   1296 |   1290 |      6 |    695 |    199 |   2 |  648.0 |
               +--------+--------+--------+--------+--------+-----+--------+

Top non-repeatable levels by time:
     D:1: 755 daAuts
     D:2: 540 daAuts
